 Dungeon Crawl Stone Soup version 0.18-a0-1203-gbde16db (webtiles) character file.

11249 namelastname112 the Covert (level 12, -4/94 HPs)
             Began as a Formicid Assassin on Feb 2, 2016.
             Was a High Priest of Ru.
             Slain by a centaur (7 damage)
             ... on level 11 of the Dungeon.
             The game lasted 00:25:14 (13680 turns).

namelastname112 the Covert (Formicid Assassin)     Turns: 13680, Time: 00:25:15

Health: -4/94      AC: 13    Str: 14    XL:     12   Next: 5%
Magic:  12/12      EV: 17    Int:  8    God:    Ru [*****.]
Gold:   992        SH:  0    Dex: 16    Spells: 0 memorised, 11 levels left

rFire  x . .     SeeInvis +     a - +4 dagger (chaos)
rCold  . . .     Gourm    .     k - +0 leather armour
rNeg   . . .     Faith    .     (no shield)
rPois  .         Spirit   .     (helmet unavailable)
rElec  .         Dismiss  .     d - +1 cloak
rCorr  .         Reflect  .     (no gloves)
SustAt .         Harm     +     (no boots)
MR     +....     Clarity  +     R - amulet of harm
Stlth  ++++......               p - +3 ring of protection
                                U - ring of protection from cold

@: exhausted, no scrolls, drained, somewhat resistant to hostile enchantments,
stealthy
A: permanent stasis, dig shafts and tunnels, four strong arms, antennae 3,
talons 2, repulsion field 1, iridescent scales 1, clarity, dopey 1, regeneration
1, weak 2, inability to read while threatened, hated by all, temperature
sensitive
a: Dig, Shaft Self, Draw Out Power, Power Leap, Apocalypse, Renounce Religion


You were on level 11 of the Dungeon.
You worshipped Ru.
Ru was extremely pleased with you.
You were not hungry.

You visited 1 branch of the dungeon, and saw 11 of its levels.
You also visited: Ossuary.

You collected 992 gold pieces.

Inventory:

Hand Weapons
 a - a +4 dagger of chaos (weapon)
 b - a +0 blowgun
 Q - a +1 short sword of venom
Missiles
 e - 23 poisoned needles
 f - 2 curare-tipped needles
Armour
 d - a +1 cloak (worn)
 k - a +0 leather armour (worn)
 z - a +0 shield
Jewellery
 j - an uncursed ring of positive energy
 p - a +3 ring of protection (right hand)
 s - an uncursed ring of positive energy
 R - an amulet of harm (around neck)
 U - a ring of protection from cold (left hand)
 V - an uncursed ring of fire
Wands
 w - a wand of polymorph (10/24)
 x - a wand of flame (19/48)
 H - a wand of lightning (4/15)
 I - a wand of draining (7/15)
 K - a wand of polymorph (13/24)
 P - a wand of polymorph (16/24)
Scrolls
 o - 3 scrolls of remove curse
 y - a scroll of enchant armour
 A - 2 scrolls of amnesia
 B - 2 scrolls of magic mapping
 D - 2 scrolls of fear
 F - 2 scrolls of fog
 M - a scroll of recharging
 S - a scroll of identify
Potions
 c - a potion of ambrosia {unknown}
 h - 2 potions of invisibility
 i - 8 potions of curing
 l - 3 potions of haste
 n - 2 potions of heal wounds
 t - a potion of brilliance
 u - 4 potions of might
 v - 2 potions of flight {unknown}
 C - 2 potions of cancellation
 E - a potion of lignification
 J - a potion of agility {unknown}
 N - a potion of beneficial mutation {unknown}
Books
 G - a book of Fire

   Spells                             Type                      Level
   a - Ignite Poison                  Fire/Transmutation/Poison    3
   b - Fireball                       Conjuration/Fire             5
   c - Bolt of Fire                   Conjuration/Fire             6
   d - Delayed Fireball               Conjuration/Fire             7
   e - Ring of Flames                 Charms/Fire                  7
 L - a book of Power

   Spells                             Type                      Level
   a - Fulminant Prism                Conjuration/Hexes            4
   b - Iskenderun's Mystic Blast      Conjuration                  4
   c - Venom Bolt                     Conjuration/Poison           5
   d - Bolt of Magma                  Conjuration/Fire/Earth       5
   e - Iron Shot                      Conjuration/Earth            6
   f - Orb of Destruction             Conjuration                  7
   g - Spellforged Servitor           Conjuration/Summoning        7
 O - a book of Summonings

   Spells                             Type                      Level
   a - Recall                         Summoning/Translocation      3
   b - Aura of Abjuration             Summoning                    5
   c - Summon Demon                   Summoning                    5
   d - Summon Forest                  Summoning/Translocation      5
   e - Summon Mana Viper              Hexes/Summoning              5
   f - Shadow Creatures               Summoning                    6
Comestibles
 g - 9 bread rations


   Skills:
 + Level 8.3(7.9) Fighting
 + Level 7.3(6.9) Short Blades
 + Level 7.3(6.9) Throwing
 + Level 7.6(7.2) Armour
 + Level 6.1(5.8) Dodging
 + Level 10.3(9.9) Stealth
 + Level 7.7(7.3) Shields


You had 11 spell levels left.
You didn't know any spells.

Dungeon Overview and Level Annotations

Branches:
Dungeon (11/15)            Temple (0/1) D:6             Orc (0/2) D:10
   Lair: D:8-11

Altars:
Ashenzari
Nemelex Xobeh
Okawaru
Ru
Trog
Vehumet
Xom
Zin
The Shining One


Innate Abilities, Weirdness & Mutations

You are under a permanent stasis effect.
You can dig through walls and to a lower floor.
Your four strong arms can wield two-handed weapons with a shield.
You have a pair of large antennae on your head (SInv).
You cannot read scrolls while threatened.
You are hated by all.
You are sensitive to extremes of temperature (rF-, rC-).
You have razor-sharp toenails.
You are surrounded by a mild repulsion field (EV +2).
You are partially covered in iridescent scales (AC +4).
You possess an exceptional clarity of mind.
You are dopey. (Int -2)
Your natural rate of healing is unusually fast.
You are very weak. (Str -4)


Message History

* * * LOW HITPOINT WARNING * * *
The centaur hits you but does no damage.
Unknown command.
You hit the seven-headed hydra. You freeze the seven-headed hydra.
The seven-headed hydra seems to slow down.
You claw the seven-headed hydra.
The seven-headed hydra is severely wounded.
The centaur misses you.
You hit the seven-headed hydra.
The seven-headed hydra is almost dead.
The seven-headed hydra bites you but does no damage.
The seven-headed hydra completely misses you.
The seven-headed hydra bites you but does no damage.
The seven-headed hydra bites you!
* * * LOW HITPOINT WARNING * * *
The seven-headed hydra misses you.
The seven-headed hydra closely misses you.
The seven-headed hydra barely misses you.
The centaur hits you.
You die...

### #..
#.#{ #.#
{ #.# #.#
#c#
#.#####@#
#..o..D[#
#.#######
{


You could see a seven-headed hydra, a centaur and an orc wizard.

Vanquished Creatures
  Snorg (D:10)
  Erolcha (D:8)
  Erica (D:8)
  4 hill giants
  Pikel (D:7)
  Joseph (D:7)
  Psyche (D:9)
  Maurice (D:9)
  The ghost of namelastname112 the Cudgeler, a novice DsWn of Yredelemnul (D:6)
  Grinder (D:6)
  Prince Ribbit (D:6)
  Sigmund (D:2)
  A spriggan (D:7)
  A steam dragon (D:10)
  2 hungry ghosts
  2 sky beasts
  5 orc warriors
  3 phantoms
  4 slaves (D:6)
  2 ice beasts (D:7)
  3 black bears (D:8)
  5 ogres
  3 centaurs
  Blork the orc (D:6)
  5 giant frogs
  2 jellies
  5 scorpions
  5 killer bees (D:10)
  4 crimson imps
  A centaur zombie (D:6)
  2 hounds (D:5)
  2 giant frog zombies (D:10)
  3 centaur skeletons
  4 giant frog skeletons
  3 orc priests
  A jelly (shapeshifter) (D:10)
  Jessica (D:2)
  Natasha (D:2)
  3 iguanas
  6 orc wizards
  7 worker ants
  3 killer bee zombies
  A big kobold zombie (Ossuary)
  5 ogre zombies (D:10)
  A hound skeleton (D:4)
  9 mummies
  Robin (D:2)
  A worker ant zombie (D:9)
  14 adders
  3 river rats (D:5)
  2 shadow imps
  An ooze (shapeshifter) (D:9)
  An adder skeleton (D:5)
  5 worms
  7 giant geckos
  19 orcs
  4 ball pythons
  5 giant cockroaches
  A gnoll zombie (Ossuary)
  12 goblins
  7 hobgoblins
  5 jackals
  6 quokkas
  6 bats
  A giant gecko zombie (D:6)
  4 giant newts
  A goblin skeleton (D:10)
  A goblin zombie (D:10)
  A hobgoblin skeleton (D:10)
  5 hobgoblin zombies
  A jackal zombie (D:5)
  5 kobolds
  5 kobold zombies (Ossuary)
  2 orc skeletons (D:10)
  9 orc zombies (D:10)
  A quokka skeleton (D:5)
  7 rats
264 creatures vanquished.

Vanquished Creatures (others)
  A centaur zombie (D:10)
  An ogre zombie (D:10)
  An orc (D:8)
  An orc zombie (D:10)
4 creatures vanquished.

Grand Total: 268 creatures vanquished

Notes
Turn   | Place    | Note
--------------------------------------------------------------
     0 | D:1      | namelastname112 the Formicid Assassin began the quest for the Orb.
     0 | D:1      | Reached XP level 1. HP: 16/16 MP: 1/1
    56 | D:1      | Reached skill level 1 in Dodging
   224 | D:1      | Reached XP level 2. HP: 22/22 MP: 2/2
   622 | D:1      | Reached XP level 3. HP: 24/27 MP: 3/3
   987 | D:2      | Noticed Sigmund
  1015 | D:2      | Killed Sigmund
  1015 | D:2      | Reached skill level 5 in Stealth
  1015 | D:2      | Reached XP level 4. HP: 17/34 MP: 4/4
  1015 | D:2      | Reached XP level 5. HP: 20/40 MP: 5/5
  1630 | D:2      | Reached XP level 6. HP: 45/47 MP: 6/6
  1662 | D:2      | Noticed Robin
  1677 | D:2      | Killed Robin
  1788 | D:2      | Noticed Jessica
  1798 | D:2      | Killed Jessica
  2095 | D:2      | Noticed Natasha
  2102 | D:2      | Killed Natasha
  2898 | D:3      | You fall through a shaft for 3 floors!
  2914 | D:5      | Entered Level 5 of the Dungeon
  3147 | D:5      | Found a glowing silver altar of Zin.
  3152 | D:5      | Found a radiant altar of Vehumet.
  3161 | D:5      | Reached XP level 7. HP: 47/52 MP: 7/7
  3163 | D:5      | Found a sacrificial altar of Ru.
  3341 | D:5      | Reached skill level 6 in Stealth
  3596 | D:5      | Reached skill level 1 in Shields
  4387 | D:5      | Reached XP level 8. HP: 60/60 MP: 8/8
  6039 | D:5      | Became a worshipper of Ru the Awakened
  6122 | D:6      | Found a shattered altar of Ashenzari.
  6420 | D:6      | Noticed Blork the orc
  6423 | D:6      | Killed Blork the orc
  6437 | D:6      | Noticed Prince Ribbit
  6460 | D:6      | Killed Prince Ribbit
  6460 | D:6      | Reached skill level 5 in Fighting
  6695 | D:6      | Found a staircase to the Ecumenical Temple.
  6791 | D:6      | Reached skill level 7 in Stealth
  6791 | D:6      | Reached XP level 9. HP: 60/68 MP: 9/9
  6828 | D:6      | Noticed namelastname112's ghost (novice DsWn)
  7002 | D:6      | Killed namelastname112's ghost
  7182 | D:6      | Noticed Grinder
  7192 | D:6      | Killed Grinder
  7233 | D:6      | Reached skill level 5 in Throwing
  7437 | D:6      | Reached skill level 5 in Short Blades
  7437 | D:6      | Reached skill level 5 in Armour
  8193 | D:7      | Noticed Joseph
  8220 | D:7      | Killed Joseph
  8220 | D:7      | Reached skill level 8 in Stealth
  8220 | D:7      | Reached XP level 10. HP: 19/76 MP: 10/10
  8475 | D:7      | Found a glowing golden altar of the Shining One.
  8678 | D:7      | Noticed Pikel
  8702 | D:7      | Killed Pikel
  8702 | D:7      | Reached skill level 5 in Shields
  8891 | D:7      | Found a shimmering altar of Xom.
  8936 | D:7      | Found an iron altar of Okawaru.
  8956 | D:7      | Reached skill level 5 in Dodging
  9124 | D:7      | Found a sparkling altar of Nemelex Xobeh.
  9129 | D:7      | Gained mutation: You are sensitive to extremes of temperature (rF-, rC-). [Ru sacrifice]
  9129 | D:7      | Reached * piety under Ru
  9129 | D:7      | Reached ** piety under Ru
  9129 | D:7      | Reached *** piety under Ru
  9423 | D:8      | Found a bloodstained altar of Trog.
  9463 | D:8      | Found a sand-covered staircase.
  9474 | Ossuary  | Entered an ossuary
 10068 | Ossuary  | Gained mutation: You are partially covered in iridescent scales (AC +4). [potion of mutation]
 10068 | Ossuary  | Gained mutation: Your natural rate of healing is unusually fast. [potion of mutation]
 10068 | Ossuary  | Gained mutation: You are frail (-10% HP). [potion of mutation]
 10069 | Ossuary  | Gained mutation: You are surrounded by a mild repulsion field (EV +2). [potion of mutation]
 10069 | Ossuary  | Gained mutation: You have sharp toenails. [potion of mutation]
 10069 | Ossuary  | Lost mutation: Your natural rate of healing is unusually fast. [potion of mutation]
 10070 | Ossuary  | Gained mutation: Your natural rate of healing is unusually fast. [potion of mutation]
 10070 | Ossuary  | Gained mutation: You are dopey. (Int -2) [potion of mutation]
 10070 | Ossuary  | Gained mutation: You are very frail (-20% HP). [potion of mutation]
 10071 | Ossuary  | Lost mutation: You are very frail (-20% HP). [potion of mutation]
 10071 | Ossuary  | Gained mutation: You are weak. (Str -2) [potion of mutation]
 10101 | D:8      | Noticed a hill giant
 10119 | D:8      | Noticed Erolcha
 10157 | D:8      | Killed a hill giant
 10440 | D:8      | Noticed Erica
 10445 | D:8      | Killed Erica
 10445 | D:8      | Reached skill level 9 in Stealth
 10445 | D:8      | Reached XP level 11. HP: 58/75 MP: 11/11
 10770 | D:8      | Got a polished mace
 10771 | D:8      | Identified the +7 mace of Cido Tekui {freeze, rC+ MR- Str+3} (You found it on level 8 of the Dungeon)
 10942 | D:8      | Killed Erolcha
 11174 | D:9      | Noticed Maurice
 11177 | D:9      | Killed Maurice
 11335 | D:9      | Gained mutation: You are very weak. (Str -4) [mutagenic meat]
 11336 | D:9      | Lost mutation: You are frail (-10% HP). [mutagenic meat]
 11337 | D:9      | Gained mutation: You have razor-sharp toenails. [mutagenic meat]
 11338 | D:9      | Gained mutation: You possess an exceptional clarity of mind. [mutagenic meat]
 11546 | D:9      | Gained mutation: You cannot read scrolls while threatened. [Ru sacrifice]
 11546 | D:9      | Reached **** piety under Ru
 11879 | D:9      | Noticed Psyche
 11883 | D:9      | Killed Psyche
 12293 | D:10     | Entered Level 10 of the Dungeon
 12306 | D:10     | Noticed a hill giant
 12330 | D:10     | Killed a hill giant
 12631 | D:10     | Noticed a hill giant
 12671 | D:10     | Killed a hill giant
 12833 | D:10     | Noticed a hill giant
 12848 | D:10     | Killed a hill giant
 12848 | D:10     | Reached skill level 10 in Stealth
 12971 | D:10     | Found a staircase to the Orcish Mines.
 13246 | D:10     | Gained mutation: You are hated by all. [Ru sacrifice]
 13246 | D:10     | Reached ***** piety under Ru
 13457 | D:10     | Noticed Snorg
 13470 | D:10     | Killed Snorg
 13470 | D:10     | Reached XP level 12. HP: 85/93 MP: 12/12
 13665 | D:11     | Noticed a seven-headed hydra
 13680 | D:11     | HP: 3/94 [seven-headed hydra (10)]
 13680 | D:11     | Slain by a centaur

Vault maps used:
D:1:      onia_arrival_mini_spirals, st_stairs_6, moated_statue
D:2:      uniq_jessica, uniq_robin, uniq_natasha, uniq_sigmund
D:3:      minmay_misc_feat_square, minmay_item_behind_shaft,
          minmay_misc_feat_pillars
D:4:      hangedman_decor_push
D:5:      minmay_overflow_temple_star_quad, first_bread, portal_sewer_entry_e,
          st_stairs_14
D:6:      nicolae_ashenzari_panopticon, minmay_temple_entry_glassed_door,
          uniq_blork_the_orc, uniq_grinder, uniq_prince_ribbit1, uniq_pikel
D:7:      okawaru_trees_2, kennysheep_mini_moat,
          nemelex_xobeh_ov_fountains_minmay, basic_altar, the_bakery,
          uniq_joseph
D:8:      bloody_trog, gup_ossuary_entry_pyramid, minmay_crystal_room,
          moated_statue, minivault_22, uniq_erica, uniq_erolcha
D:9:      uniq_psyche, uniq_maurice
D:10:     zombieorc1_lemuel, uniq_snorg
D:11:     dpeg_lair_monsters, basic_altar, kennysheep_generic_room_15
Ossuary:  ossuary_tomb_3

Action                   |  1- 3 |  4- 6 |  7- 9 | 10-12 || total
-------------------------+-------+-------+-------+-------++-------
Melee: Dagger            |    49 |    15 |       |   309 ||   373
       Short sword       |       |   112 |   354 |   372 ||   838
       Unarmed           |       |    11 |    23 |       ||    34
 Fire: Blowgun           |     8 |     4 |     7 |    25 ||    44
Invok: Sacrifice Resista |       |       |       |     1 ||     1
       Sacrifice Words   |       |       |       |     1 ||     1
       Sacrifice Love    |       |       |       |     1 ||     1
       Draw Out Power    |       |       |       |     1 ||     1
  Use: Scroll            |       |       |     7 |    12 ||    19
       Potion            |       |       |     2 |     4 ||     6
 Stab: Sleeping          |     7 |     9 |     9 |    22 ||    47
       Distracted        |       |       |     3 |     7 ||    10
       Invisible         |       |       |       |     2 ||     2
       Confused          |       |       |       |     2 ||     2
       Petrifying        |       |       |       |     1 ||     1
       Paralysed         |       |       |       |     1 ||     1
  Eat: Chunk             |       |     7 |     4 |    17 ||    28
       Meat ration       |       |       |     2 |     2 ||     4
       Beef jerky        |       |       |     1 |     3 ||     4
       Pizza             |       |       |       |     2 ||     2
